 Dungeon Sprint DCSS version 0.24-a0-250-g6074511092 (webtiles) character file.

Game seed: 13145159902929333317

7 Redear the Skirmisher (level 2, -1/27 HPs)
             Began as a Ghoul Fighter on Apr 15, 2019.
             Slain by a human (8 damage)
             ... in the Dungeon (Sprint III: "The Ten Rune Challenge").
             The game lasted 00:00:22 (61 turns).

Redear the Skirmisher (Ghoul Fighter)                 Turns: 61, Time: 00:00:23

Health: -1/27      AC:  6    Str: 19    XL:     2   Next: 0%
Magic:  1/1        EV:  7    Int:  3    God:
Gold:   0          SH:  8    Dex:  8    Spells: 1/1 levels left

rFire    . . .     SeeInvis .     - Unarmed
rCold    + . .     Gourm    .   b - +0 shield
rNeg     + + +     Faith    .   a - +0 scale mail
rPois    ∞         Spirit   .   (no helmet)
rElec    .         Reflect  .   (no cloak)
rCorr    .         Harm     .   (no gloves)
MR       .....     NoTele   +   (no boots)
Stlth    ..........             (no amulet)
HPRegen  0.00/turn              (no ring)
MPRegen  0.07/turn              (no ring)

@: rotting
A: rotting body, claws 1, carnivore, cold resistance 1, negative energy
resistance 3, inhibited regeneration, torment resistance, unbreathing
a: no special abilities


You were in the Dungeon.
You were not hungry.

You visited 1 branch

Inventory:

Armour
 a - a +0 scale mail (worn)
 b - a +0 shield (worn)
Scrolls
 e - a scroll of immolation {unknown}
 B - a scroll of blinking {@r4}
Potions
 c - a potion of might {Str+5 DMG+1d10 | @q3}
 f - a potion of heal wounds {@q1}
 h - 2 potions of magic
 i - a potion of berserk rage
 H - a potion of haste {@q5}
 Q - a potion of curing {@q2}
Comestibles
 d - 3 chunks of flesh
 z - a ration


   Skills:
 + Level 3.7 Fighting
 + Level 3.1 Armour
 + Level 1.2 Dodging
 + Level 3.1 Shields
 + Level 2.8 Unarmed Combat


You had one spell level left.
You didn't know any spells.
Your spell library was empty.

Dungeon Overview and Level Annotations

Branches:
Dungeon (1/1)

Altars:


Innate Abilities, Weirdness & Mutations

Your body is rotting away.
You thrive on raw meat.
You are immune to poison.
You have sharp fingernails.
You are carnivorous and can eat meat at any time.
Your flesh is cold resistant. (rC+)
You are immune to negative energy. (rN+++)
You do not regenerate when monsters are visible.
You are immune to unholy pain and torment.
You can survive without breathing.


Message History

You are too injured to fight recklessly!
You are too injured to fight recklessly!
You are too injured to fight recklessly!
You are too injured to fight recklessly!
You are too injured to fight recklessly!
Unknown command.
Unknown command.
Unknown command.
You closely miss the human.
The human is severely wounded.
The human hits you!
* * * LOW HITPOINT WARNING * * *
You take 7 damage, and have 7/27 hp.
MASSIVE DAMAGE!!
You miss the human.
The human is severely wounded.
The human hits you but does no damage.
You barely miss the human.
The human is severely wounded.
The human hits you!
You die...

▓#'####
▓.÷...#....≈♣ ♣♣
▓.....#...≈≈♣♣.♣ #
▓.....#..≈≈≈≈..♣ .+
▓####'#..≈≈≈≈≈≈♣..#
▓)..÷÷#.≈≈≈≈≈≈....#
▓.....#.≈≈≈≈≈.....#
▓.....#.≈≈≈.......#
▓'#####....@p.....#
▓.................#
▓▓▓▓▓▓▓▓▓▓▓▓▓▓▓▓▓▓▓


You could see a human.

Vanquished Creatures
  An ooze (D)
  3 rats (D)
4 creatures vanquished.

Notes
Turn   | Place    | Note
-------+----------+-------------------------------------------
     0 | D        | Redear the Ghoul Fighter began the quest for the Orb.
     0 | D        | Reached XP level 1. HP: 19/19 MP: 0/0
     9 | D        | Reached skill level 3 in Armour
     9 | D        | Reached skill level 1 in Dodging
     9 | D        | Reached skill level 3 in Shields
    33 | D        | Reached XP level 2. HP: 22/27 MP: 1/1
    61 | D        | Slain by a human

Levels and vault maps discovered:
D:        dungeon_sprint_mu [sprint_mu_entry_forest, sprint_mu_temple_rooms,
          sprint_mu_d1_horrors, sprint_mu_d2_genie, sprint_mu_d3_branching,
          sprint_mu_orc_legion, sprint_mu_elf_gauntlet, sprint_mu_hive_nellie,
          sprint_mu_lair_fedhas, sprint_mu_vaults_butterflies,
          sprint_mu_slime_circle, sprint_mu_swamp_cave, sprint_mu_snake_twists,
          sprint_mu_blade_basic, sprint_mu_crypt_lich, sprint_mu_tomb_spiral,
          sprint_mu_vestibule_basic, sprint_mu_gehenna_hellfire,
          sprint_mu_dis_giant, sprint_mu_tartarus_statrot,
          sprint_mu_cocytus_islands, sprint_mu_zot1]

Skill      XL: |  1 |
---------------+----+-----
Armour         | 3 |  3.1
Dodging        | 1 |  1.2
Shields        | 3 |  3.1
Fighting       | |  3.7
Unarmed Combat | |  2.8

Action                   || total
-------------------------++-------
Melee: Unarmed           ||    33
Armor: Scale mail        ||    16
Dodge: Dodged            ||    10
Block: Shield            ||    12

Table legend:
 A = Non-vault XP
 B = Vault XP
 C = Vault XP percentage of total XP
 D = Non-vault monster count
 E = Vault monster count
 F = Vault count percentage of total count
                 A         B        C        D         E       F
            +---------+---------+-------+---------+---------+-------
      Total |       0 |      10 | 100.0 |       0 |       4 | 100.0
            +---------+---------+-------+---------+---------+-------
          D |       0 |      10 | 100.0 |       0 |       4 | 100.0
            +---------+---------+-------+---------+---------+-------
